 Dungeon Crawl Stone Soup version 0.31.0-12-g77e489cdc1 (webtiles) character file.

Game seed: 14267615428495863356

49 Marvel the Covered (level 3, -15/24 HPs)
             Began as a Gargoyle Fighter on Feb 18, 2024.
             Demolished by Sigmund
             ... wielding a +4 heavy scythe
              (20 damage)
             ... on level 2 of the Dungeon.
             The game lasted 00:01:57 (1014 turns).

Marvel the Covered (Gargoyle Fighter)               Turns: 1014, Time: 00:01:57

Health: -15/24     AC: 10    Str: 21    XL:     3   Next: 75%
Magic:  3/3        EV:  9    Int:  8    God:
Gold:   69         SH:  4    Dex:  9    Spells: 2/2 levels left

rFire   . . .        a - +0 war axe
rCold   . . .        c - +0 buckler
rNeg    + . .        b - +0 scale mail
rPois   ∞            (no helmet)
rElec   +            (no cloak)
rCorr   .            (no gloves)
SInv    .            (no boots)
Will    .....        (no amulet) Stlth
                     (no ring)
HPRegen 0.24/turn    (no ring)
MPRegen 0.08/turn

%: no passive effects
@: mighty
A: sickness immunity, AC +3, negative energy resistance 1, electricity
resistance, torment resistance 1, petrification resistance
a: no special abilities


You were on level 2 of the Dungeon.
You visited 1 branch of the dungeon, and saw 2 of its levels.

You collected 69 gold pieces.

Inventory:

Hand Weapons
 a - a +0 war axe (weapon)
Armour
 b - a +0 scale mail (worn)
 c - a +0 buckler (worn)
Scrolls
 e - a scroll of revelation {unknown}
 h - a scroll of fog {unknown}
Potions
 f - a potion of curing {unknown}
 g - a potion of heal wounds {unknown}
 i - a potion of brilliance {unknown}


   Skills:
 + Level 3.7 Fighting
 + Level 2.5 Axes
 + Level 3.8 Armour
 + Level 3.7 Shields


You had 2 spell levels left.
You didn't know any spells.
Your spell library contained the following spells:

 Spells                   Type           Power      Damage    Failure   Level
 Fugue of the Fallen      Necr           0%         N/A       99%         3
 Gell's Gravitas          Tloc           0%         N/A       99%         3
 Ozocubu's Armour         Ice            0%         N/A       99%         3
 Teleport Other           Tloc           0%         N/A       99%         3
 Manifold Assault         Tloc           0%         N/A       100%        4
 Dispersal                Tloc           0%         N/A       100%        6


Dungeon Overview and Level Annotations

Branches:
Dungeon (2/15)

Altars:

Annotations:
D:2 Sigmund


Innate Abilities, Weirdness & Mutations

You are immune to sickness and miasma.
Your stone body is resilient. (AC +3)
You are immune to poison.
You resist negative energy. (rN+)
You are resistant to electric shocks. (rElec)
You are resistant to unholy torment.
You are immune to petrification.


Message History

You completely miss the hobgoblin.
The hobgoblin is almost dead.
You barely miss the giant cockroach.
A rat comes into view.
The hobgoblin hits you but does no damage.
The giant cockroach barely misses you. The hobgoblin barely misses you.
The rat moves out of view.
You slash the hobgoblin!
You kill the hobgoblin!
You slash the giant cockroach!
You kill the giant cockroach!
You slash the frilled lizard!
You kill the frilled lizard!
The bat closely misses you. The bat hits you but does no damage.
The rat bites you but does no damage.
Things that are here:
a frilled lizard corpse; a giant cockroach corpse You slash the rat!
You kill the rat!
The bat barely misses you. The bat hits you but does no damage.
The bat hits you but does no damage. The bat misses you.
You slash the bat!
You kill the bat!
No target in view!
i - a clear potion
Things that are here:
a frilled lizard corpse; a giant cockroach corpse Sigmund shouts!
You see here a clear potion.
You feel very mighty all of a sudden.
Sigmund hits you from afar with a +4 heavy scythe!!
Ouch! That really hurt!
* * * LOW HITPOINT WARNING * * *
You barely miss Sigmund.
Sigmund hits you with a +4 heavy scythe!!
Ouch! That really hurt!
You die...
Sigmund begins carving another notch in his scythe.

#....##.#...r.#.. ##
#.......#......# ..#
#....##.@r#######..#.
#....>.........#.....
#.............#....#
#.....###...@.....#
#...!.# #####.######
#####@# #<# #. #@####
### #.# #....# #..
####.###### ###
#.......# ####
#..####.#####...
#..###...##.#.#.
#.............#.
###.#..#....†.#.
#.......###.#.


You could see Sigmund.

Vanquished Creatures
  An adder (D:2)
  A dart slug (D:1)
  4 ball pythons (D:1)
  5 endoplasms
  3 giant cockroaches
  2 goblins (D:1)
  5 hobgoblins
  A quokka (D:1)
  4 bats
  3 frilled lizards
  7 rats
36 creatures vanquished.

Notes
Turn   | Place    | Note
-------+----------+-------------------------------------------
     0 | D:1      | Marvel the Gargoyle Fighter began the quest for the Orb.
     0 | D:1      | Reached XP level 1. HP: 14/14 MP: 1/1
   126 | D:1      | Reached XP level 2. HP: 19/19 MP: 2/2
   290 | D:1      | Reached XP level 3. HP: 17/23 MP: 3/3
   864 | D:2      | Noticed Sigmund
  1014 | D:2      | Demolished by Sigmund

Illustrated notes

Levels and vault maps discovered:
D:1:      minmay_arrival_five_plusses, layout_loops_ring,
          minmay_misc_feat_rugged, grunt_decor_cap, serial_bayou_pond_c
D:2:      layout_basic, basic_altar, serial_shops,
          nicolae_shop_advertising_works [nicolae_subvault_shop_adworks],
          uniq_sigmund

Skill      XL: |  1  2 |
---------------+-------+-----
Axes           | 2 |  2.5
Fighting       | |  3.7
Armour         | |  3.8
Shields        | |  3.7

Action                     || total
---------------------------++-------
  Melee: War axe           ||    89
    Use: Potion            ||     1
 Armour: Scale mail        ||    56
  Dodge: Dodged            ||    52
  Block: Buckler           ||    18
